 Dungeon Crawl Stone Soup version 0.29-a0-330-g52719c12eb (webtiles) character file.

Game seed: 13913645104403226460

100 dohliylev the Skirmisher (level 4, 0/41 HPs)
             Began as a Minotaur Berserker on May 10, 2022.
             Was a Believer of Trog.
             Succumbed to an orc's poison
             ... on level 3 of the Dungeon.
             The game lasted 00:02:40 (2232 turns).

dohliylev the Skirmisher (Minotaur Berserker)       Turns: 2232, Time: 00:02:41

Health: 0/41       AC:  5    Str: 24    XL:     4   Next: 46%
Magic:  3/3        EV: 11    Int:  4    God:    Trog [**....]
Gold:   129        SH:  3    Dex:  9    Spells: 3/3 levels left

rFire   . . .      SeeInvis .   a - +0 hand axe
rCold   . . .      Faith    .   f - +0 buckler
rNeg    . . .      Spirit   .   c - +0 ring mail
rPois   .          Reflect  .   (helmet restricted)
rElec   .          Harm     .   (no cloak)
rCorr   .          Rampage  .   (no gloves)
Will    .....                   (no boots)
Stlth   ..........              (no amulet)
HPRegen 0.13/turn               (no ring)
MPRegen 0.08/turn               (no ring)

@: lethally poisoned (0 -> -8), on berserk cooldown, slowed, very slow
A: horns 2, retaliatory headbutt
a: Renounce Religion, Berserk, Trog's Hand


You were on level 3 of the Dungeon.
You worshipped Trog.
Trog was pleased with you.
You visited 1 branch of the dungeon, and saw 3 of its levels.

You collected 129 gold pieces.

Inventory:

Hand Weapons
 a - a +0 hand axe (weapon)
Missiles
 g - 2 throwing nets (quivered)
Armour
 c - a +0 ring mail (worn)
 f - a +0 buckler (worn)
Scrolls
 b - 3 scrolls of identify {unknown}
 h - a scroll of noise {unknown}
 k - a scroll of torment {unknown}
Potions
 d - 2 potions of resistance {unknown}
 e - 3 potions of haste {unknown}
 i - a potion of might {unknown}
 j - a potion of brilliance {unknown}


   Skills:
 + Level 4.7 Fighting
 + Level 4.7 Axes
 + Level 3.1 Armour
 + Level 2.5 Dodging
 * Level 1.5 Shields


You had 3 spell levels left.
You didn't know any spells.
Your spell library was empty.

Dungeon Overview and Level Annotations

Branches:
Dungeon (3/15)

Altars:

Shops:
D:3 [


Innate Abilities, Weirdness & Mutations

You have a pair of horns on your head.
You reflexively headbutt those who attack you in melee.


Message History

Items here: ( )))) ††.
Found a faded altar of an unknown god.
You feel a strong urge to attack something.
You feel sick.
You feel sick.
The orc hits you from afar with a +1 trident of venom.
You are more poisoned.
You see here a +0 spear.
You feel your anger nearly subside.
You are no longer berserk.
You are exhausted.
You feel yourself slow down.
You feel very sick.
There is a stone staircase leading down here.
You barely miss the orc.
You feel very sick.
The orc hits you with a +1 trident of venom!
You are lethally poisoned!
The orc barely misses you.
You slash the orc!
You kill the orc!
Trog accepts your kill.
* * * LOW HITPOINT WARNING * * *
You feel extremely sick. The quokka barely misses you.
The quokka attacks as you move away!
The quokka bites you but does no damage.
* * * LOW HITPOINT WARNING * * *
You feel very sick. The quokka completely misses you.
Things that are here:
a +1 trident of venom; a +0 leather armour; an orc corpse You hit the quokka.
The quokka is severely wounded.
* * * LOW HITPOINT WARNING * * *
You feel very sick. The quokka closely misses you. You furiously retaliate!
You headbutt the quokka!
You kill the quokka!
Trog accepts your kill.
You die...

#..####.# ####
#.⌠.⌠.#.# ...
#.:∩..#.# ...
#<⌠.⌠...#
#.##+###.....#######
#......'.....'.....#
#......#.....#####.#
#..)..####......#
+(.>@.# #.####.#
#...))####'#<.#.#
#....†..........#
...............#####
..#..#(###.....+ ..
#..#.........# .
#..#....$....#
_............# ..
(..$....####


There were no monsters in sight!

Vanquished Creatures
  5 adders (D:2)
  4 orcs (D:3)
  5 ball pythons
  5 endoplasms
  5 giant cockroaches
  2 goblins (D:1)
  5 hobgoblins
  3 jackals (D:1)
  4 kobolds
  2 quokkas
  2 bats
  2 frilled lizards (D:1)
  2 rats (D:2)
46 creatures vanquished.

Notes
Turn   | Place    | Note
-------+----------+-------------------------------------------
     0 | D:1      | dohliylev the Minotaur Berserker began the quest for the
                  | Orb.
     0 | D:1      | Reached XP level 1. HP: 19/19 MP: 0/0
   171 | D:1      | Reached XP level 2. HP: 21/27 MP: 1/1
  1405 | D:2      | Reached XP level 3. HP: 31/34 MP: 2/2
  1602 | D:2      | Reached ** piety under Trog
  1607 | D:2      | Reached skill level 1 in Shields
  1632 | D:2      | Reached XP level 4. HP: 34/41 MP: 3/3
  2172 | D:3      | Found Gedaur's Armour Boutique.
  2225 | D:3      | Found a faded altar of an unknown god.
  2232 | D:3      | Succumbed to an orc's poison

Illustrated notes

Levels and vault maps discovered:
D:1:      sevenhm_arrival_forest_fort_small_5, layout_basic
D:2:      layout_loops_cross, minmay_octomino_e4
D:3:      layout_basic, overflow_temple_1_default,
          hellmonk_ecumenical_altar_lost_god, serial_shops, shop_fountains,
          nicolae_shop_hallway_stairs, shop

Skill      XL: |  1  2  3 |
---------------+----------+-----
Fighting       | 4 |  4.7
Axes           | 4 |  4.7
Armour         | 3 |  3.1
Shields        | 1 |  1.5
Dodging        | |  2.5

Action                   |  1- 3 |  4- 6 || total
-------------------------+-------+-------++-------
Melee: Hand axe          |    63 |    23 ||    86
       Headbutt          |     7 |     3 ||    10
       Punch             |     1 |       ||     1
Invok: Berserk           |       |     1 ||     1
Armor: Animal skin       |     3 |       ||     3
       Ring mail         |    25 |    11 ||    36
Dodge: Dodged            |    68 |    23 ||    91
Block: Buckler           |     8 |     5 ||    13

Table legend: (Time is in decaauts)
 A = Elapsed time spent in this place.
 B = Non-inter-level travel time spent in this place.
 C = Inter-level travel time spent in this place.
 D = Time resting spent in this place.
 E = Time spent auto-exploring this place.
 F = Levels seen in this place.
 G = Mean time per level.
                   A        B        C        D        E       F      G
               +--------+--------+--------+--------+--------+-----+--------+
         Total |   2247 |   2158 |     89 |    171 |   1620 |   3 |  749.0 |
       Dungeon |   2247 |   2158 |     89 |    171 |   1620 |   3 |  749.0 |
               +--------+--------+--------+--------+--------+-----+--------+

Top non-repeatable levels by time:
     D:1: 1408 daAuts
     D:2: 778 daAuts
     D:3: 60 daAuts
